 Dungeon Crawl Stone Soup version 0.30-a0-782-ge64f9170bb (webtiles) character file.

Game seed: 7511070563872585222

742 theswoord the Chopper (level 7, -4/50 HPs)
             Began as a Demonspawn Gladiator on Feb 20, 2023.
             Was a Follower of Okawaru.
             Slain by an orc priest
             ... wielding a +0 flail
              (9 damage)
             ... on level 5 of the Dungeon.
             The game lasted 00:05:33 (3788 turns).

theswoord the Chopper (Demonspawn Gladiator)        Turns: 3788, Time: 00:05:34

Health: -4/50      AC: 11    Str: 17    XL:     7   Next: 47%
Magic:  8/8        EV: 10    Int:  9    God:    Okawaru [*.....]
Gold:   201        SH:  0    Dex: 14    Spells: 4/6 levels left

rFire   . . .      SeeInvis +    a - +0 war axe
rCold   . . .      Faith    .    (no shield)
rNeg    . . .      Spirit   .    t - +0 scale mail
rPois   .          Reflect  .    c - +1 helmet
rElec   .          Harm     .    (no cloak)
rCorr   .          Rampage  .    q - +0 pair of gloves
Will    .....                    (no boots) Stlth
                                 m - amulet of the acrobat
HPRegen 0.28/turn                o - ring of see invisible
MPRegen 0.11/turn                (no ring)

@: no status effects
A: claws 1, yellow scales 1, spiny 1, demonic magic 2
a: Renounce Religion, Heroism


You were on level 5 of the Dungeon.
You worshipped Okawaru.
Okawaru was aware of your devotion.
You visited 2 branches of the dungeon, and saw 6 of its levels.

You collected 201 gold pieces.

Inventory:

Hand Weapons
 a - a +0 war axe (weapon)
Missiles
 d - 2 throwing nets
 e - 6 javelins
 A - 4 silver javelins
Armour
 b - a +0 leather armour
 c - a +1 helmet (worn)
 q - a +0 pair of gloves (worn)
 t - a +0 scale mail (worn)
Jewellery
 g - a ring of positive energy
 m - an amulet of the acrobat (around neck)
 o - a ring of see invisible (left hand)
 x - a +4 ring of protection
 z - a ring of ice
Wands
 r - a wand of iceblast (4)
Scrolls
 h - 3 scrolls of teleportation
 i - a scroll of vulnerability
 p - a scroll of poison
 s - a scroll of magic mapping
 u - a scroll of enchant armour
 v - 2 scrolls of amnesia {unknown}
 y - a scroll of identify {unknown}
Potions
 f - a potion of curing
 j - 2 potions of might {unknown}
 k - a potion of brilliance
 l - a potion of flight {unknown}
 n - 3 potions of heal wounds {unknown}
 w - a potion of magic


   Skills:
 - Level 2.0 Fighting
 + Level 7.5 Axes
 - Level 1.7 Throwing
 - Level 2.6 Dodging
 + Level 1.7 Transmutations
 + Level 2.5 Invocations


You had 4 spell levels left.
You knew the following spells:

 Your Spells              Type           Power      Damage    Failure   Level
a - Wereblood             Tmut           3%         N/A       73%         2

Your spell library contained the following spells:

 Spells                   Type           Power      Damage    Failure   Level
 Beastly Appendage        Tmut           6%         N/A       58%         1
 Blink                    Tloc           0%         N/A       92%         2
 Lesser Beckoning         Tloc           0%         N/A       92%         2
 Momentum Strike          Conj/Tloc      0%         3d8       92%         2
 Spider Form              Tmut/Pois      1%         N/A       97%         3
 Ozocubu's Armour         Ice            0%         N/A       99%         3
 Portal Projectile        Hex/Tloc       0%         N/A       99%         3
 Leda's Liquefaction      Hex/Erth       0%         N/A       100%        4
 Metabolic Englaciation   Hex/Ice        0%         N/A       100%        5
 Call Canine Familiar     Summ           Unusable   N/A       N/A         3
 Simulacrum               Ice/Necr       Unusable   N/A       N/A         6

Dungeon Overview and Level Annotations

Branches:
Dungeon (5/15)             Temple (1/1) D:4

Altars:
Cheibriados
Fedhas
Gozag
Nemelex Xobeh
Okawaru
Sif Muna
Trog

Shops:
D:4 :


Innate Abilities, Weirdness & Mutations

You have sharp fingernails.
You are partially covered in yellow scales. (AC +2)
You are partially covered in sharp spines.
Spells you cast may paralyse nearby enemies.


Message History

The orc shouts!
The orc priest mumbles some strange prayers to Beogh against you.
Beogh smites you!
The orc wizard is struck by your spines.
The orc wizard barely misses you.
The orc wizard hits you but does no damage.
The ufetubus completely misses you. x2; The orc wizard completely misses you.
You barely miss the orc wizard. You closely miss the ufetubus.
The ufetubus barely misses you. x2
The orc priest mumbles some strange prayers to Beogh against you.
Beogh smites you!
* * * LOW HITPOINT WARNING * * *
The orc wizard hits you but does no damage.
The ufetubus barely misses you. x2
You hit the orc wizard but do no damage.
You barely miss the orc. You hit the ufetubus.
You kill the ufetubus!
Okawaru accepts your kill.
The orc wizard hits you but does no damage.
The orc hits you with a +0 flail.
* * * LOW HITPOINT WARNING * * *
You hit the orc wizard but do no damage.
You barely miss the orc priest. You slash the orc!
You kill the orc!
Okawaru accepts your kill.
The orc wizard is struck by your spines.
The orc wizard hits you but does no damage.
The orc priest mumbles some strange prayers to Beogh against you.
Pain shoots through your body!
* * * LOW HITPOINT WARNING * * *
You hit the orc wizard.
You kill the orc wizard!
Okawaru accepts your kill.
You completely miss the orc priest.
The orc priest is struck by your spines.
The orc priest hits you with a +0 flail.
* * * LOW HITPOINT WARNING * * *
You barely miss the orc priest. The orc priest barely misses you.
The orc priest hits you with a +0 flail!
You die...

......)... ... ..........
... ........... ....
............ ..... ....
.##+####
.....########..... #......
...................#......
........).o........#......
.........@)........#......
...................#....##
...................#....#.
...................#....'.
...................#....#.
...................'....#.
...................#..#...
.....###############..####
... .....#


You could see an orc priest.

Vanquished Creatures
  An ogre (D:4)
  3 phantoms
  A necrophage (D:4)
  A jelly (D:4)
  3 orc priests (D:3)
  Ijyb (D:3)
  2 orc wizards
  3 gnolls (D:2)
  5 adders
  An ufetubus (D:5)
  2 worms (D:2)
  3 dart slugs
  10 orcs
  13 ball pythons
  5 endoplasms
  4 giant cockroaches
  8 hobgoblins
  4 jackals
  9 kobolds
  A quokka (D:2)
  3 bats
  8 frilled lizards
  5 goblins
  6 rats
102 creatures vanquished.

Vanquished Creatures (others)
  6 plants (D:3)
6 creatures vanquished.

Grand Total: 108 creatures vanquished

Notes
Turn   | Place    | Note
-------+----------+-------------------------------------------
     0 | D:1      | theswoord the Demonspawn Gladiator began the quest for the
                  | Orb.
     0 | D:1      | Reached XP level 1. HP: 16/16 MP: 1/1
    39 | D:1      | Reached skill level 3 in Axes
   111 | D:1      | Gained mutation: Spells you cast may paralyse adjacent
                  | enemies. [demonic ancestry]
   111 | D:1      | Reached XP level 2. HP: 5/22 MP: 2/2
   701 | D:1      | Gained mutation: Spells you cast may paralyse nearby
                  | enemies. [demonic ancestry]
   701 | D:1      | Reached XP level 3. HP: 27/27 MP: 3/3
   887 | D:1      | Reached skill level 4 in Axes
  1138 | D:2      | You fall into a shaft and drop 2 floors!
  1163 | D:4      | Found a staircase to the Ecumenical Temple.
  1163 | D:4      | Noticed a phantom
  1190 | D:4      | Killed a phantom
  1191 | D:4      | Reached skill level 5 in Axes
  1191 | D:4      | Reached XP level 4. HP: 14/33 MP: 4/4
  1211 | Temple   | Entered the Ecumenical Temple
  1319 | Temple   | Became a worshipper of Warmaster Okawaru
  1402 | D:4      | Noticed a phantom
  1403 | D:4      | Noticed a necrophage
  1418 | D:4      | HP: 1/32 [phantom (6)]
  1419 | D:4      | Killed a phantom
  1420 | D:4      | Gained mutation: You are partially covered in sharp spines.
                  | [demonic ancestry]
  1420 | D:4      | Reached XP level 5. HP: 2/38 MP: 5/5
  1426 | D:4      | Found Fast's Vocational Training.
  1637 | D:4      | Reached skill level 6 in Axes
  1738 | D:4      | Noticed an ogre
  1745 | D:4      | Killed an ogre
  1745 | D:4      | Reached * piety under Okawaru
  1746 | D:4      | Gained mutation: You are partially covered in yellow
                  | scales. (AC +2) [demonic ancestry]
  1746 | D:4      | Reached XP level 6. HP: 44/44 MP: 6/6
  1963 | D:4      | Found a sparkling altar of Nemelex Xobeh.
  2229 | D:3      | Reached skill level 7 in Axes
  2428 | D:3      | Learned a level 2 spell: Wereblood
  2462 | D:3      | Found a faded altar of an unknown god.
  2491 | D:3      | Noticed Ijyb
  2500 | D:3      | Killed Ijyb
  2501 | D:3      | Gained mutation: You have sharp fingernails. [demonic
                  | ancestry]
  2501 | D:3      | Reached XP level 7. HP: 44/50 MP: 7/7
  2696 | D:3      | Reached skill level 1 in Invocations
  2991 | D:2      | Reached skill level 1 in Transmutations
  3652 | D:5      | Entered Level 5 of the Dungeon
  3788 | D:5      | Slain by an orc priest

Skill      XL: |  1  2  3  4  5  6  7 |
---------------+----------------------+-----
Axes           | 3 5 6 7 |  7.5
Invocations    | 2 |  2.5
Transmutations | 1 |  1.7
Fighting       | |  2.0
Throwing       | |  1.7
Dodging        | |  2.6

Action                     |  1- 3 |  4- 6 |  7- 9 || total
---------------------------+-------+-------+-------++-------
  Melee: War axe           |   110 |    80 |    61 ||   251
         Punch             |       |     3 |       ||     3
  Throw: Throwing net      |       |     1 |       ||     1
   Cast: Wereblood         |       |       |     1 ||     1
    Use: Scroll            |     6 |     3 |       ||     9
         Potion            |     2 |     2 |       ||     4
   Stab: Sleeping          |     1 |       |       ||     1
         Held in net/web   |       |     1 |       ||     1
         Paralysed         |       |       |     1 ||     1
 Armour: Leather armour    |    27 |    19 |     3 ||    49
         Scale mail        |       |       |    20 ||    20
  Dodge: Dodged            |    77 |    62 |    29 ||   168

Levels and vault maps discovered:
D:1:      tekkud_arrival_beachfront_property, layout_basic,
          dreamdust_princess_corridor, minmay_pentomino_p2
D:2:      layout_loops_ring, kennysheep_generic_room_6
D:3:      layout_loops_ring, hellmonk_ecumenical_altar_lost_god,
          serial_bayou_pond_c, uniq_ijyb
D:4:      layout_cave_pools, nemelex_diamond_rough_becter,
          minmay_temple_entry_drinking_statues, serial_column_ruins,
          column_ruins_hut_water, column_ruins_hut,
          column_ruins_columns_straight, column_ruins_grid_1,
          column_ruins_open_medium, column_ruins_open_tiny,
          nicolae_shop_vocational
D:5:      layout_gridville
Temple:   chequers_temple_sunken
